 Dungeon Crawl Stone Soup version 0.22.1-1-ga44c0e56f4 (webtiles) character file.

30013 Riddle the Thaumaturge (level 13, -1/74 HPs)
             Began as a Kobold Venom Mage on Sept 28, 2018.
             Was the Champion of Dithmenos.
             Slain by a tyrant leech (32 damage)
             ... on level 6 of the Lair of Beasts.
             The game lasted 01:38:59 (22485 turns).

Riddle the Thaumaturge (Kobold Venom Mage)         Turns: 22485, Time: 01:38:59

Health: -1/74      AC:  3    Str: 13    XL:     13   Next: 85%
Magic:  2/36       EV: 24    Int: 20    God:    Dithmenos [******]
Gold:   1044       SH:  0    Dex: 17    Spells: 10/33 levels left

rFire    + + +     SeeInvis +   O - +9 war axe of the Lame Duck {flame, +Fly rElec rF++ Str+3}
rCold    + . .     Gourm    .   (shield restricted)
rNeg     + . .     Faith    .   P - +1 leather armour "Ydeum" {*Corrode rF++ rC+ rN+}
rPois    .         Spirit   .   D - +2 helmet
rElec    +         Reflect  .   y - scarf {cloud immunity}
rCorr    .         Harm     .   (no gloves)
MR       .....                  (no boots)
Stlth    +++++++...             Q - amulet of the Air {Inacc +Fly rElec EV+5 RMsl}
HPRegen  0.22/turn              l - ring of see invisible
MPRegen  0.25/turn              I - ring of magical power

@: mighty, corroded, wreathed by umbra, repel missiles
A: small, carnivore
a: Shadow Step, Shadow Form, Renounce Religion, Evoke Flight


You were on level 6 of the Lair of Beasts.
You worshipped Dithmenos.
Dithmenos was exalted by your worship.
You were full.

You visited 3 branches of the dungeon, and saw 17 of its levels.
You also visited: Sewer and Ossuary.

You collected 1044 gold pieces.

Inventory:

Hand Weapons
 s - the +5 hand axe of Pateg {speed, Str+7 Int+2 Dex+4}
   (You found it on level 10 of the Dungeon)

   Attacks with this weapon are significantly faster.
   It affects your strength (+7).
   It affects your intelligence (+2).
   It affects your dexterity (+4).
 O - the +9 war axe of the Lame Duck (weapon) {flame, +Fly rElec rF++ Str+3}
   (You found it on level 10 of the Dungeon)

   It has been specially enchanted to burn those struck by it, causing extra
   injury to most foes and up to half again as much damage against particularly
   susceptible opponents.
   Big, fiery blades are also staple armaments of hydra-hunters.
   It affects your strength (+3).
   It greatly protects you from fire.
   It insulates you from electricity.
   It lets you fly.
Armour
 a - a +0 robe
 y - a scarf of cloud immunity (worn)
 D - a +2 helmet (worn)
 P - the +1 leather armour "Ydeum" (worn) {*Corrode rF++ rC+ rN+}
   (You found it on level 10 of the Dungeon)

   It greatly protects you from fire.
   It protects you from cold.
   It protects you from negative energy.
   It may corrode you when you take damage.
Jewellery
 l - a ring of see invisible (left hand)
 o - an uncursed ring of positive energy
 r - an uncursed amulet of magic regeneration
 I - a ring of magical power (right hand)
 Q - the amulet of the Air (around neck) {Inacc +Fly rElec EV+5 RMsl}
   (You found it on level 4 of the Lair of Beasts)

   [amulet of inaccuracy]

   It reduces the accuracy of all your attacks.
   It affects your evasion (+5).
   It insulates you from electricity.
   It lets you fly.
   It protects you from missiles.
Wands
 f - a wand of paralysis (21)
 i - a wand of acid (6)
 j - a wand of polymorph (19)
 A - a wand of iceblast (11)
 B - a wand of random effects (78)
Scrolls
 d - 10 scrolls of teleportation
 k - 3 scrolls of fog
 m - 7 scrolls of enchant weapon
 p - 5 scrolls of remove curse
 q - 9 scrolls of magic mapping
 x - a scroll of summoning {unknown}
 C - 2 scrolls of blinking
 E - 3 scrolls of fear
 G - 3 scrolls of amnesia
 M - 4 scrolls of identify
Potions
 b - a potion of ambrosia
 e - 2 potions of heal wounds {unknown}
 g - 2 potions of curing
 h - a potion of agility {unknown}
 n - 2 potions of might
 t - 2 potions of lignification {unknown}
 u - a potion of degeneration {unknown}
 v - a potion of cancellation {unknown}
 w - 2 potions of brilliance
 z - 3 potions of magic {unknown}
 F - 3 potions of mutation {unknown}
 H - a potion of haste {unknown}
 J - a potion of berserk rage {unknown}
 N - a potion of experience {unknown}
 R - a potion of flight {unknown}
Miscellaneous
 K - a box of beasts
 L - a lightning rod (4/4)
Comestibles
 c - 32 rations


   Skills:
 - Level 6.1 Fighting
 * Level 3.6(3.7) Axes
   Level 1.4(3.2) Maces & Flails
   Level 1.7(2.0) Staves
 - Level 7.0 Dodging
 + Level 8.7 Stealth
 * Level 10.9 Spellcasting
 * Level 9.8 Conjurations
 - Level 3.1 Charms
 - Level 3.0 Necromancy
 - Level 3.0 Fire Magic
 - Level 6.0 Air Magic
 * Level 10.7 Poison Magic
 - Level 2.3 Evocations


You had 10 spell levels left.
You knew the following spells:

 Your Spells              Type           Power        Failure   Level  Hunger
a - Sting                 Conj/Pois      ####         1%          1    None
b - Poisonous Vapours     Pois/Air       #####.       1%          2    None
c - Venom Bolt            Conj/Pois      ######....   3%          5    ####...
d - Regeneration          Chrm/Necr      ###.......   7%          3    None
e - Conjure Flame         Conj/Fire      #####...     1%          3    None
f - Mephitic Cloud        Conj/Pois/Air  #####...     1%          3    None
g - Blink                 Tloc           N/A          12%         2    None
h - Olgreb's Toxic Radia  Pois           ######..     1%          4    ##.....

Your spell library contained the following spells:

 Spells                   Type           Power        Failure   Level  Hunger
 Flame Tongue             Conj/Fire      #####        1%          1    None
 Magic Dart               Conj           ####         1%          1    None
 Throw Flame              Conj/Fire      #####.       1%          2    None
 Animate Skeleton         Necr           N/A          2%          1    None
 Infusion                 Chrm           ###.         2%          1    None
 Pain                     Necr           ###.         2%          1    None
 Song of Slaying          Chrm           ###.....     3%          2    None
 Stone Arrow              Conj/Erth      ####..       3%          3    None
 Sticky Flame             Conj/Fire      #####...     5%          4    ##.....
 Shroud of Golubria       Chrm/Tloc      ###.......   6%          2    None
 Vampiric Draining        Necr           ###.......   7%          3    None
 Apportation              Tloc           ##....       9%          1    None
 Confusing Touch          Hex            ##....       9%          1    None
 Summon Butterflies       Summ           ##......     9%          1    None
 Call Imp                 Summ           ##......     12%         2    None
 Slow                     Hex            ##......     12%         2    None
 Inner Flame              Hex/Fire       ###.....     13%         3    None
 Spectral Weapon          Hex/Chrm       ###.....     13%         3    None
 Fireball                 Conj/Fire      #####.....   16%         5    ####...
 Animate Dead             Necr           N/A          22%         4    ##.....
 Confuse                  Hex            ##......     24%         3    None
 Gell's Gravitas          Tloc           ##........   24%         3    None
 Lesser Beckoning         Tloc           ##........   24%         3    None
 Tukima's Dance           Hex            ##......     24%         3    None
 Alistair's Intoxication  Tmut/Pois      ####....     24%         5    ####...
 Petrify                  Tmut/Erth      ##......     63%         4    ##.....
 Freezing Cloud           Conj/Ice/Air   ####......   80%         6    ######.
 Metabolic Englaciation   Hex/Ice        ##........   92%         5    ####...
 Yara's Violent Unravell  Hex/Tmut       ##........   92%         5    ####...
 Invisibility             Hex            ##......     100%        6    ######.
 Statue Form              Tmut/Erth      ##.......    100%        6    ######.


Dungeon Overview and Level Annotations

Branches:
Dungeon (10/15)            Temple (1/1) D:4            Lair (6/6) D:10
 Shoals (0/4) Lair:2        Snake (0/4) Lair:3        Slime (0/5) Lair:5
    Orc: D:9-12

Altars:
Ashenzari
Cheibriados
Dithmenos
Elyvilon
Fedhas
Gozag
Hepliaklqana
Kikubaaqudgha
Makhleb
Nemelex Xobeh
Okawaru
Qazlal
Ru
Sif Muna
Trog
Uskayaw
Vehumet
Wu Jian
Xom
Yredelemnul
Zin
The Shining One
Jiyva

Annotations:
D:8 Erica
D:9 3 runed doors, Thargor's ghost, novice TrBe
Lair:2 3rdEnemy's ghost, journeyman TrFi


Innate Abilities, Weirdness & Mutations

You are small and have problems with some larger weapons.
You are carnivorous and can eat meat at any time.


Message History

Aiming: Venom Bolt (safe; 3% risk of failure)
Press: ? - help, Shift-Dir - straight line, f - hornet
Aim: a hornet (heavily wounded, umbra)
The bolt of poison misses the hornet.
Your shadow mimicks your spell!
The shadow bolt hits the hornet.
You feel sick.
You hear an angry buzzing noise.
The hornet closely misses you.
A hornet comes into view.
A lindwurm comes into view.
You hear an angry buzzing noise.
You miss the tyrant leech.
Your shadow barely misses the tyrant leech.
You feel yourself speed up.
You feel sick. The tyrant leech bites you!!
You emit a cloud of dark smoke.
The tyrant leech draws strength from your injuries!
Unknown command.
You feel better. The tyrant leech misses you.
You feel very mighty all of a sudden. The tyrant leech bites you!!
You die...

######## ## .####
#.##[P.##.#
.....#####........#
P....##.....###...###
#..#.....## ##....##
##.....### ###8..#
####.ky.### ##...##
###.P..yw##
###...#'##
#..†....#@#
#....###$$
#..y#..Py####
##..###$$. y ###...#
##..## #$$$ #.#y..#
#...#####$$ ##.#..P#
#..##.####$ #.y.PPP#
##.P#..## # [...(##
##...#.### .....#
#........# .www.#
#.........


You could see a tyrant leech, a lindwurm and 2 hornets.

Vanquished Creatures
  Harold (D:9)
  3 two-headed ogres
  21 elephants
  11 spiny frogs
  2 torpor snails (Lair:6)
  A rime drake (Lair:4)
  4 komodo dragons
  2 hornets (Lair:6)
  15 blink frogs
  5 hippogriffs
  The ghost of tape the Changer, an amateur OpTm (D:3)
  3 wyverns
  28 yaks
  3 basilisks
  8 nagas (Lair:3)
  4 water moccasins
  9 porcupines
  3 orc warriors
  5 sky beasts
  A swamp drake (D:6)
  3 ice beasts
  A black bear (D:6)
  2 phantoms
  3 ogres
  A necrophage (D:9)
  6 wolves (Lair:1)
  2 centaurs
  9 crocodiles
  2 big kobolds (D:10)
  10 bullfrogs
  An elf zombie (Ossuary)
  5 scorpions
  4 killer bees (D:7)
  3 howler monkeys
  3 crimson imps
  7 hounds
  3 human zombies (Ossuary)
  An orc priest (D:10)
  A centaur zombie (D:9)
  A quasit (D:9)
  A gnoll shaman (D:10)
  Crazy Yiuf (D:4)
  9 orc wizards
  A bullfrog skeleton (D:5)
  2 iguanas (D:7)
  10 worker ants
  A big kobold zombie (Ossuary)
  A hound zombie (Ossuary)
  2 hound skeletons
  4 mummies (Ossuary)
  3 worker ant zombies
  16 gnolls
  21 adders
  3 shadow imps
  12 oozes
  An adder zombie (D:4)
  3 worms
  A dart slug (D:1)
  13 leopard geckos
  30 orcs
  15 giant cockroaches
  9 hobgoblins
  15 jackals
  4 quokkas
  7 ball pythons (Sewer)
  5 bats
  22 frilled lizards
  2 gnoll zombies (Ossuary)
  10 goblins
  A hobgoblin zombie (Ossuary)
  15 kobolds
  2 kobold zombies (Ossuary)
  A leopard gecko skeleton (D:4)
  5 rats
  2 fungi
  3 plants
451 creatures vanquished.

Vanquished Creatures (others)
  A goblin zombie (Ossuary)
  9 fungi
  5 plants
15 creatures vanquished.

Grand Total: 466 creatures vanquished

Notes
Turn   | Place    | Note
-------+----------+-------------------------------------------
     0 | D:1      | Riddle the Kobold Venom Mage began the quest for the Orb.
     0 | D:1      | Reached XP level 1. HP: 10/10 MP: 3/3
   300 | D:1      | Reached XP level 2. HP: 15/15 MP: 0/5
   703 | D:1      | Reached XP level 3. HP: 19/19 MP: 4/6
  1195 | D:1      | Learned a level 2 spell: Poisonous Vapours
  1316 | D:2      | Found a shadowy altar of Dithmenos.
  1440 | D:2      | Became a worshipper of Dithmenos the Shadowed
  1703 | D:2      | Reached XP level 4. HP: 24/24 MP: 4/8
  1876 | D:3      | Found a burning altar of Makhleb.
  1879 | D:3      | Found a glowing silver altar of Zin.
  1879 | D:3      | Noticed an angel
  1880 | D:3      | Noticed a green death
  1967 | D:3      | Reached XP level 5. HP: 28/28 MP: 7/9
  2340 | D:3      | Reached skill level 1 in Evocations
  2830 | D:3      | Found a sparkling altar of Nemelex Xobeh.
  3159 | D:3      | Reached skill level 1 in Fighting
  3180 | D:4      | Reached skill level 1 in Air Magic
  3180 | D:4      | Reached XP level 6. HP: 33/34 MP: 4/11
  3305 | D:4      | Reached * piety under Dithmenos
  3305 | D:4      | Reached skill level 1 in Maces & Flails
  3377 | D:4      | Found a glowing drain.
  3442 | Sewer    | Entered a sewer
  3986 | Sewer    | Reached ** piety under Dithmenos
  4191 | Sewer    | Reached XP level 7. HP: 37/38 MP: 7/12
  4567 | D:4      | Reached *** piety under Dithmenos
  4864 | D:4      | Found a staircase to the Ecumenical Temple.
  4893 | D:4      | Found a runed door.
  4895 | D:4      | Noticed tape's ghost (amateur OpTm)
  4941 | D:3      | Killed tape's ghost
  4941 | D:3      | Reached skill level 5 in Poison Magic
  4941 | D:3      | Reached XP level 8. HP: 21/44 MP: 13/15
  5196 | D:4      | Reached skill level 5 in Spellcasting
  5253 | D:4      | Found a runed door.
  5823 | D:4      | Noticed Crazy Yiuf
  5840 | D:4      | Killed Crazy Yiuf
  5932 | Temple   | Entered the Ecumenical Temple
  6073 | D:5      | Entered Level 5 of the Dungeon
  6583 | D:5      | Reached skill level 1 in Staves
  6646 | D:5      | Learned a level 5 spell: Venom Bolt
  6663 | D:5      | Reached skill level 5 in Dodging
  6663 | D:5      | Reached skill level 5 in Stealth
  6663 | D:5      | Reached XP level 9. HP: 31/48 MP: 14/17
  6827 | D:5      | Found a hazy altar of Hepliaklqana.
  7280 | D:5      | Reached **** piety under Dithmenos
  8676 | D:7      | Learned a level 3 spell: Regeneration
  8869 | D:7      | Noticed a hippogriff
  8898 | D:7      | Killed a hippogriff
  8898 | D:7      | Reached XP level 10. HP: 19/53 MP: 9/20
  9618 | D:8      | Found a sand-covered staircase.
  9630 | Ossuary  | Entered an ossuary
  9655 | Ossuary  | Reached skill level 5 in Conjurations
 10104 | Ossuary  | Reached skill level 1 in Necromancy
 10119 | Ossuary  | Reached ***** piety under Dithmenos
 10174 | D:8      | Reached skill level 1 in Charms
 10608 | D:8      | Noticed a two-headed ogre
 10633 | D:8      | Killed a two-headed ogre
 11118 | D:8      | Found a stormy altar of Qazlal.
 11118 | D:8      | Noticed Erica
 11146 | D:8      | Found an ancient bone altar of Kikubaaqudgha.
 11147 | D:8      | Found a deep blue altar of Sif Muna.
 11149 | D:8      | Found a radiant altar of Vehumet.
 11152 | D:8      | Identified Vehumet's Incunabulum of Attacks
 11265 | D:8      | Learned a level 3 spell: Conjure Flame
 11491 | D:9      | Noticed a two-headed ogre
 11501 | D:9      | Killed a two-headed ogre
 11587 | D:9      | Learned a level 3 spell: Mephitic Cloud
 11713 | D:9      | Reached XP level 11. HP: 47/57 MP: 21/23
 11946 | D:9      | Found a runed gate.
 11946 | D:9      | Found a runed gate.
 11946 | D:9      | Found a runed gate.
 11946 | D:9      | Found an opulent altar of Gozag.
 11947 | D:9      | Noticed Thargor's ghost (novice TrBe)
 11947 | D:9      | Noticed a cyan ugly thing
 11971 | D:9      | Noticed a six-headed hydra
 12030 | D:9      | Reached skill level 1 in Fire Magic
 12155 | D:9      | Noticed Harold
 12165 | D:9      | Killed Harold
 12942 | D:10     | Entered Level 10 of the Dungeon
 13195 | D:10     | Got a pitted war axe
 13196 | D:10     | Identified the +9 war axe of the Lame Duck {flame, +Fly
                  | rElec rF++ Str+3} (You found it on level 10 of the Dungeon)
 13230 | D:10     | Got a jewelled hand axe
 13247 | D:10     | Got a faintly glowing leather armour
 13288 | D:10     | Noticed a two-headed ogre
 13292 | D:10     | Killed a two-headed ogre
 13292 | D:10     | Reached skill level 5 in Air Magic
 13772 | D:10     | Found a staircase to the Lair.
 13780 | D:10     | Reached skill level 10 in Spellcasting
 13924 | Lair:1   | Entered Level 1 of the Lair of Beasts
 14180 | D:10     | Learned a level 2 spell: Blink
 14281 | Lair:1   | Identified the +5 hand axe of Pateg {speed, Str+7 Int+2
                  | Dex+4} (You found it on level 10 of the Dungeon)
 14284 | Lair:1   | Identified the +1 leather armour "Ydeum" {*Corrode rF++ rC+
                  | rN+} (You found it on level 10 of the Dungeon)
 14409 | Lair:1   | Reached XP level 12. HP: 64/64 MP: 26/26
 15786 | Lair:2   | Noticed 3rdEnemy's ghost (journeyman TrFi)
 15789 | Lair:2   | Found a runed gate.
 15789 | Lair:2   | Found a runed gate.
 15789 | Lair:2   | Found a runed gate.
 15880 | Lair:2   | Found a staircase to the Shoals.
 16609 | Lair:2   | Identified Lee's Collected Works on Conjuration and Clay
 16971 | Lair:3   | Reached skill level 5 in Fighting
 17111 | Lair:3   | Found a staircase to the Snake Pit.
 17151 | Lair:3   | Learned a level 4 spell: Olgreb's Toxic Radiance
 17300 | Lair:3   | Reached ****** piety under Dithmenos
 18252 | Lair:4   | Reached XP level 13. HP: 58/74 MP: 27/27
 18689 | Lair:4   | Found the amulet of the Air {Inacc +Fly rElec EV+5 RMsl}
 18791 | Lair:4   | Reached skill level 1 in Axes
 18808 | Lair:4   | Reached skill level 10 in Poison Magic
 20348 | Lair:5   | Found a viscous altar of Jiyva.
 20348 | Lair:5   | Found a staircase to the Slime Pits.
 21232 | Lair:6   | Entered Level 6 of the Lair of Beasts
 21922 | Lair:6   | Found a runed door.
 22093 | Lair:6   | Noticed a fire dragon
 22112 | Lair:6   | HP: 1/74 [fire dragon (10)]
 22485 | Lair:6   | Slain by a tyrant leech

Skill      XL: |  1  2  3  4  5  6  7  8  9 10 11 12 13 |
---------------+----------------------------------------+-----
Stealth        | 3 4 5 6 7 8 |  8.7
Spellcasting   | 3 4 5 6 8 10 | 10.9
Dodging        | 3 4 5 6 7 |  7.0
Evocations     | 1 2 |  2.3
Fighting       | 1 2 3 6 |  6.1
Air Magic      | 1 2 5 6 |  6.0
Maces & Flails | 1 |  1.4
Poison Magic   | 4 5 7 8 9 10 | 10.7
Conjurations   | 2 3 4 5 8 9 |  9.8
Staves         | 1 |  1.7
Necromancy     | 3 |  3.0
Charms         | 3 |  3.1
Fire Magic     | 3 |  3.0
Axes           | 3 |  3.6

Action                   |  1- 3 |  4- 6 |  7- 9 | 10-12 | 13-15 || total
-------------------------+-------+-------+-------+-------+-------++-------
Melee: Unarmed           |    12 |       |       |       |       ||    12
       Whip              |     2 |    48 |    55 |       |       ||   105
       Short sword       |     2 |       |       |       |       ||     2
       Quarterstaff      |       |       |    94 |   214 |       ||   308
       War axe           |       |       |       |   113 |    94 ||   207
 Cast: Sting             |    54 |    44 |    47 |    50 |    41 ||   236
       Poisonous Vapours |     8 |   105 |   164 |   218 |    62 ||   557
       Venom Bolt        |       |       |     1 |    70 |    54 ||   125
       Regeneration      |       |       |       |     4 |       ||     4
       Mephitic Cloud    |       |       |       |    36 |    11 ||    47
       Conjure Flame     |       |       |       |     2 |       ||     2
       Olgreb's Toxic Ra |       |       |       |     8 |    11 ||    19
       Blink             |       |       |       |     1 |     2 ||     3
Evoke: Wand              |       |       |     6 |       |       ||     6
  Use: Scroll            |     2 |     6 |     5 |    13 |     1 ||    27
       Potion            |       |       |     3 |     4 |     2 ||     9
 Stab: Petrified         |       |       |       |     5 |       ||     5
       Confused          |       |       |       |    13 |     7 ||    20
       Paralysed         |       |       |       |     4 |       ||     4
       Distracted        |       |       |       |     1 |       ||     1
       Sleeping          |       |       |       |     6 |       ||     6
       Petrifying        |       |       |       |     1 |       ||     1
  Eat: Chunk             |    11 |    13 |    16 |    45 |    23 ||   108
Armor: Robe              |     6 |     5 |    22 |    44 |       ||    77
       Leather armour    |       |       |       |    13 |    20 ||    33
Dodge: Dodged            |    14 |    45 |   186 |   347 |   193 ||   785
